AoeStats
← Huai

Arena

505884698Analyzed
4v4 RM · 20d ago on Sep 11, 2026· 71m 29s· 8 players
Game mode
Random Map
Map size
Large (8 player)
Population
200
Speed
Normal
Resources
Standard
Victory
Conquest
Starting age
Dark Age
Ending age
Imperial Age
RankedLock teamsTeams togetherTeam positionsShared explorationLock speedFull tech treeHidden civsTurbo modeCheats
Victory
Defeat
🇪🇸 Franks · Spain
1021
+15
🇪🇸 Bohemians · Spain
1020
+15
🇺🇸 Vikings · United States
972
+17
🇹🇼 Mongols · Taiwan
949
+18
🇹🇼 Cumans · Taiwan
1007
-17
🇹🇼 Turks · Taiwan
989
-16
🇹🇼 Teutons · Taiwan
983
-16
🇦🇷 Britons · Argentina
981
-16
GL.Herq
11:42 Feudal Age
15:50 Castle Age
14:07 Double-Bit Axe
14:41 Gold Mining
15:31 Fletching
17:18 Crossbowman
20:52 Bodkin Arrow
22:34 Loom
23:24 Wheelbarrow
23:58 Horse Collar
27:27 Bow Saw
30:59 Imperial Age
29:19 Stone Mining
30:22 Gold Shaft Mining
31:35 Hand Cart
32:11 Heavy Plow
33:14 Two-Man Saw
35:41 Padded Archer Armor
35:42 Bracer
35:52 Forging
35:43 Scale Mail Armor
36:28 Ballistics
37:09 Chemistry
35:50 Pikeman
36:30 Squires
36:16 Arson
36:52 Leather Archer Armor
38:08 Halberdier
39:43 Conscription
40:17 Ring Archer Armor
42:20 Elite Longbowman
47:20 Yeomen
47:26 Yeomen
55:21 Warwolf
44
11:56 Feudal Age
13:16 Double-Bit Axe
13:12 Horse Collar
18:30 Castle Age
20:07 Bow Saw
19:58 Heavy Plow
20:30 Bloodlines
25:06 Gold Mining
26:40 Scale Barding Armor
26:47 Forging
26:51 Loom
31:23 Imperial Age
29:32 Wheelbarrow
29:57 Fortified Wall
30:12 Chain Barding Armor
30:27 Iron Casting
31:12 Hand Cart
31:51 Iron Casting
31:35 Cavalier
32:52 Plate Barding Armor
35:05 Two-Man Saw
34:36 Crop Rotation
35:47 Conscription
36:30 Blast Furnace
35:35 Paladin
38:50 Chemistry
41:08 Hoardings
40:58 Ballistics
49:10 Onager
56:15 Scale Mail Armor
56:17 Pikeman
56:58 Squires
59:27 Halberdier
61:12 Chain Mail Armor
GL.DuaT
11:47 Feudal Age
15:13 Gold Mining
15:08 Man-at-Arms
22:17 Horse Collar
27:06 Wheelbarrow
27:03 Double-Bit Axe
30:40 Castle Age
31:36 Bow Saw
31:27 Heavy Plow
34:18 Imperial Age
32:06 Hand Cart
31:51 Stone Mining
34:43 Gold Shaft Mining
33:56 Pikeman
34:36 Squires
36:18 Two-Man Saw
37:41 Scale Mail Armor
37:51 Forging
39:37 Crop Rotation
41:00 Iron Casting
40:41 Chain Mail Armor
41:07 Halberdier
41:20 Capped Ram
45:11 Blast Furnace
44:42 Plate Mail Armor
44:14 Siege Ram
46:06 Elite Kipchak
47:07 Conscription
46:50 Fletching
47:02 Padded Archer Armor
49:51 Bodkin Arrow
50:12 Leather Archer Armor
50:26 Ballistics
50:26 Steppe Husbandry
56:13 Caravan
60:30 Bloodlines
Huai
11:22 Feudal Age
11:54 Feudal Age
14:04 Double-Bit Axe
13:59 Horse Collar
16:52 Castle Age
18:10 Wheelbarrow
19:03 Heavy Plow
25:50 Imperial Age
23:42 Bow Saw
23:30 Gold Mining
23:33 Stone Mining
27:02 Ballistics
27:15 Loom
27:42 Fletching
29:05 Padded Archer Armor
29:47 Gold Shaft Mining
31:55 Leather Archer Armor
35:45 Hand Cart
35:28 Bodkin Arrow
36:04 Ring Archer Armor
35:57 Sipahi
36:31 Bracer
37:47 Parthian Tactics
37:21 Heavy Cavalry Archer
38:50 Thumb Ring
39:52 Conscription
42:28 Bombard Tower
45:41 Murder Holes
45:56 Fortified Wall
47:00 Treadmill Crane
49:54 Town Watch
52:15 Hoardings
62:04 Two-Man Saw
61:34 Husbandry
Vanimal17
13:37 Feudal Age
11:54 Loom
14:58 Horse Collar
15:04 Double-Bit Axe
16:35 Stone Mining
19:06 Castle Age
17:43 Gold Mining
28:48 Bow Saw
34:24 Heavy Plow
41:33 Town Watch
42:20 Forging
42:10 Scale Mail Armor
44:48 Imperial Age
44:03 Iron Casting
43:51 Ballistics
44:34 Chieftains
45:28 Capped Ram
46:17 Elite Berserk
47:18 Conscription
47:14 Siege Ram
50:58 Blast Furnace
50:14 Chain Mail Armor
52:57 Onager
55:23 Chemistry
54:29 Siege Engineers
54:36 Masonry
54:06 Treadmill Crane
55:33 Plate Mail Armor
58:53 Pikeman
59:34 Squires
59:20 Arson
60:24 Caravan
61:31 Two-Man Saw
61:03 Crop Rotation
QUEVEDO
11:22 Feudal Age
15:37 Castle Age
14:16 Double-Bit Axe
18:15 Bow Saw
24:38 Scale Barding Armor
24:44 Forging
24:38 Husbandry
25:53 Stone Mining
30:18 Wheelbarrow
30:22 Loom
30:31 Town Watch
30:51 Gold Mining
32:44 Chain Barding Armor
33:24 Gold Shaft Mining
34:06 Hand Cart
33:52 Town Patrol
34:46 Iron Casting
38:06 Imperial Age
38:35 Cavalier
39:58 Plate Barding Armor
40:24 Blast Furnace
40:16 Paladin
47:43 Caravan
48:28 Conscription
51:19 Light Cavalry
52:34 Masonry
53:20 Chivalry
Clark_Kent__
3:53 Loom
10:36 Feudal Age
14:47 Castle Age
12:53 Horse Collar
13:40 Double-Bit Axe
15:54 Bow Saw
22:07 Wheelbarrow
24:05 Hand Cart
26:05 Town Watch
29:25 Imperial Age
27:41 Fletching
27:52 Padded Archer Armor
28:13 Ballistics
28:31 Town Patrol
28:28 Bodkin Arrow
29:35 Chemistry
28:41 Heavy Plow
30:07 Bracer
30:22 Leather Archer Armor
30:20 Masonry
29:39 Pikeman
30:20 Squires
29:54 Capped Ram
31:52 Two-Man Saw
32:00 Conscription
33:21 Elite Hussite Wagon
34:11 Wagenburg Tactics
34:54 Houfnice
42:38 Caravan
43:08 Coinage
42:49 Guilds
49:57 Bombard Tower
50:08 Architecture
49:43 Siege Engineers
49:35 Murder Holes
49:50 Fortified Wall
50:12 Ring Archer Armor
49:53 Forging
49:43 Scale Mail Armor
52:59 Halberdier
54:16 Iron Casting
55:43 Treadmill Crane
63:41 Arson
69:31 Blast Furnace
68:46 Chain Mail Armor
67:53 Man-at-Arms
67:56 Crossbowman
kcjh1111
4:04 Loom
11:20 Feudal Age
17:08 Castle Age
19:59 Double-Bit Axe
19:57 Horse Collar
19:42 Pikeman
24:55 Fletching
26:17 Light Cavalry
28:21 Thumb Ring
28:26 Elite Skirmisher
29:53 Bodkin Arrow
30:51 Padded Archer Armor
33:18 Heavy Plow
35:29 Bow Saw
35:10 Gold Mining
36:55 Squires
39:00 Nomads
40:00 Wheelbarrow
39:10 Town Watch
40:54 Bloodlines
41:11 Hand Cart
41:38 Town Patrol
42:11 Stone Mining
46:04 Imperial Age
46:28 Husbandry
48:22 Ballistics
50:16 Drill
51:43 Elite Mangudai
54:23 Scale Barding Armor
54:29 Forging
54:19 Bracer
54:21 Padded Archer Armor
55:24 Gold Shaft Mining
55:25 Stone Shaft Mining
54:18 Heavy Camel Rider
56:41 Caravan
57:12 Coinage
59:39 Chemistry
58:44 Scale Mail Armor
60:26 Capped Ram
60:26 Onager
62:19 Banking
62:06 Arson
63:57 Drill
69:48 Iron Casting
69:29 Leather Archer Armor
69:18 Scale Mail Armor
69:38 Chain Barding Armor
Connection lost

Rejoining the realm…

Still unreachable

The connection could not be restored.

Session expired

The server has moved on; the page needs a fresh start.